 Dungeon Crawl Stone Soup version 0.31-a0-968-g24f9ace8b5 (webtiles) character file.

Game seed: 17942287692548055117

1220 AIAndy the Mimic (level 8, -9/43 (45) HPs)
             Began as an Octopode Shapeshifter on Oct 27, 2023.
             Was a Believer of Cheibriados.
             Mangled by a wight
             ... wielding a +1 dagger of flaming
              (10 damage)
             ... on level 6 of the Dungeon.
             The game lasted 00:21:38 (5578 turns).

AIAndy the Mimic (Octopode Shapeshifter)            Turns: 5578, Time: 00:21:38

HP:   -9/43 (45)    AC:  1    Str: 21    XL:     8   Next: 47%
MP:   0/8           EV: 13    Int: 18    God:    Cheibriados [**....]
Gold: 94            SH:  0    Dex: 18    Spells: 5/7 levels left

rFire   . .          .
                       - Unarmed
rCold   . . .        (no shield)
rNeg    . . .        (helmet restricted)
rPois   .            G - amulet of guardian spirit
rElec   .            (no ring)
rCorr   .            (no ring)
SInv    .            (no ring)
Will    .....        (no ring)
Stlth   +++          (no ring)
HPRegen 0.27/turn    (no ring)
MPRegen 0.11/turn    (no ring)
                     (no ring)

%: guardian spirit
@: about to teleport, maw-form, lightly drained, very slow
A: devouring maw, reduced hp, almost no armour, amphibious, 8 rings, camouflage
1, gelatinous body 1, (nimble swimmer 1), tentacles
a: Begin Untransformation, Renounce Religion, Bend Time


You were on level 6 of the Dungeon.
You worshipped Cheibriados.
Cheibriados was pleased with you.
You were a creature with a mouth for a stomach.
You visited 1 branch of the dungeon, and saw 6 of its levels.

You collected 186 gold pieces.
You spent 92 gold pieces at shops.


Innate Abilities, Weirdness & Mutations

You are a creature with a mouth for a stomach.
Your midsection houses a second, enormous mouth.
Your maximum health is decreased, since you lack skill for your form.
You cannot wear most types of armour.
You are amphibious.
You can wear up to eight rings at the same time.
Your skin changes colour to match your surroundings (Stealth+).
Your rubbery body absorbs attacks. (AC +1, EV +1)
((You are camouflaged when in or above water. (Stealth+)))
You have tentacles for arms and can constrict up to eight enemies at once.


   Skills:
 + Level 1.9 Fighting
 + Level 1.4 Ranged Weapons
 - Level 2.0 Dodging
 - Level 3.6 Unarmed Combat
 + Level 9.1 Shapeshifting


You had 5 spell levels left.
You knew the following spells:

 Your Spells              Type           Power      Damage    Failure   Level
X - Wereblood             Tmut           0%         N/A       32%         2

Your spell library contained the following spells:

 Spells                   Type           Power      Damage    Failure   Level
 Apportation              Tloc           0%         N/A       22%         1
 Jinxbite                 Hex            0%         N/A       32%         2
 Alistair's Intoxication  Tmut/Pois      0%         N/A       99%         5
 Irradiate                Conj/Tmut      0%         3d11      99%         5

Inventory:

Hand Weapons
 j - a +2 dagger of freezing
 l - the +7 sling of Conversion {freeze, rElec rF- rN+ Int+2}
   (You found it on level 5 of the Dungeon)

   Int+2:     It affects your intelligence (+2).
   rF-:       It makes you vulnerable to fire.
   rElec:     It insulates you from electricity.
   rN+:       It protects you from negative energy.
 o - a +2 dagger of venom
Jewellery
 G - an amulet of guardian spirit (around mantle)
Talismans
 b - a beast talisman
 c - a flux talisman
 e - a maw talisman (active)
Wands
 k - a wand of polymorph (1)
 u - a wand of flame (21)
Scrolls
 d - 2 scrolls of fog
 g - a scroll of blinking {unknown}
 i - a scroll of revelation
 m - a scroll of enchant weapon {unknown}
 p - a scroll of enchant armour
 s - a scroll of vulnerability {unknown}
Potions
 a - a potion of lignification {!q}
 h - a potion of invisibility
 q - 2 potions of attraction {!q}
 r - a potion of haste {unknown}
 t - a potion of brilliance

Dungeon Overview and Level Annotations

Branches:
Dungeon (6/15)             Temple (0/1) D:4

Altars:
Cheibriados
Sif Muna
Vehumet
Wu Jian

Shops:
D:5 *   D:6 *

Annotations:
D:2 Terence

# ## ..#.. ### [.oo#
####.. ...# ......
#..## ...... #zz##
.....> #W.## ......
##..## ...... ##..#
...... #...## .>....
#....## ......
#....#.## .....
#......#.## .....
#.......#.## ......
#.........#.##......


You could see 2 wights and 2 orcs.


Message History

The wight barely misses you.
You completely miss the wight. You bite the wight.
The wight is heavily damaged.
You constrict the wight, but do no damage.
The orc misses you.
The wight hits you with a +1 dagger of flaming.
* * * LOW HITPOINT WARNING * * *
The wight burns you.
* * * LOW HITPOINT WARNING * * *
The wight barely misses you.
As you read the scroll of fear, it crumbles to dust.
You assume a fearsome visage.
The orc looks frightened! x2
The wight is unaffected. x2
You constrict the wight, but do no damage.
The wight hits you with a +1 dagger of flaming.
* * * LOW HITPOINT WARNING * * *
You feel drained.
* * * LOW HITPOINT WARNING * * *
The wight burns you.
* * * LOW HITPOINT WARNING * * *
The wight hits you with a +2 trident of protection!
* * * LOW HITPOINT WARNING * * *
You feel drained.
* * * LOW HITPOINT WARNING * * *
Okay, then.
As you read the scroll labelled MURUPP RASTUA, it crumbles to dust.
You feel strangely unstable.
It was a scroll of teleportation.
You constrict the wight.
The wight hits you with a +1 dagger of flaming!
You die...

Skill      XL: |  1  2  3  4  5  6  7  8 |
---------------+-------------------------+-----
Shapeshifting  | 4 5 6 8 9 |  9.1
Ranged Weapons | 1 |  1.4
Fighting       | |  1.9
Dodging        | |  2.0
Unarmed Combat | |  3.6

Action                     |  1- 3 |  4- 6 |  7- 9 || total
---------------------------+-------+-------+-------++-------
  Melee: Unarmed           |    64 |    91 |    32 ||   187
         Constrict         |    18 |    21 |     8 ||    47
         Tentacles         |     8 |    25 |     9 ||    42
         Punch             |       |     1 |     3 ||     4
         Maw               |       |     3 |    16 ||    19
   Fire: Sling             |       |     4 |    53 ||    57
    Use: Potion            |     2 |     3 |       ||     5
         Scroll            |       |     6 |     4 ||    10
   Stab: Sleeping          |     6 |     2 |       ||     8
 Armour: Skin              |    27 |    44 |    20 ||    91
  Dodge: Dodged            |    34 |    38 |    24 ||    96
   Form: Flux              |       |     1 |       ||     1
         Maw               |       |     1 |     1 ||     2
         Beast             |       |       |     1 ||     1

Levels and vault maps discovered:
D:1:      spicycebolla_green_bress_n_ham_2, layout_basic
D:2:      layout_basic, uniq_terence
D:3:      layout_basic, cheibriados_altar_1,
          hellmonk_ecumenical_altar_pennies_from_heaven
D:4:      layout_gridville, kennysheep_mini_moat, minmay_temple_entry_slanted,
          st_stairs_1
D:5:      layout_loops_ring, mainiacjoe_overflow_swirl, serial_shops,
          nicolae_shop_just_a_little_nook, minmay_fountain_box
D:6:      layout_cave_pods, serial_shops, shop

Notes
Turn   | Place    | Note
-------+----------+-------------------------------------------
     0 | D:1      | AIAndy the Octopode Shapeshifter began the quest for the
                  | Orb.
     0 | D:1      | Reached XP level 1. HP: 13/13 MP: 1/1
   283 | D:1      | Reached XP level 2. HP: 12/18 MP: 2/2
  1043 | D:2      | Reached XP level 3. HP: 3/23 MP: 3/3
  1043 | D:2      | HP: 2/23 [poisoned by an adder]
  1653 | D:2      | Learned a level 2 spell: Wereblood
  1671 | D:2      | Noticed Terence
  2028 | D:2      | Reached skill level 4 in Shapeshifting
  2224 | D:3      | Found a faded altar of an unknown god.
  2358 | D:3      | Noticed a scorpion
  2366 | D:3      | Killed a scorpion
  2367 | D:3      | Reached XP level 4. HP: 18/28 MP: 4/4
  2367 | D:3      | Reached XP level 5. HP: 21/33 MP: 5/5
  2517 | D:3      | Found a snail-covered altar of Cheibriados.
  2543 | D:3      | Became a worshipper of Cheibriados the Contemplative
  2863 | D:3      | Reached skill level 5 in Shapeshifting
  3121 | D:4      | Found a staircase to the Ecumenical Temple.
  3192 | D:4      | Noticed a phantom
  3202 | D:4      | Killed a phantom
  3378 | D:4      | Reached XP level 6. HP: 26/38 MP: 6/6
  3427 | D:4      | Reached * piety under Cheibriados
  3666 | D:4      | Found a radiant altar of Vehumet.
  3884 | D:5      | Entered Level 5 of the Dungeon
  3901 | D:5      | Reached skill level 6 in Shapeshifting
  3934 | D:5      | Found Vaezoymn's Assorted Antiques.
  3938 | D:5      | Bought an ivory wand for 92 gold pieces
  4066 | D:5      | Identified the +7 sling of Conversion {freeze, rElec rF-
                  | rN+ Int+2}
  4104 | D:5      | Reached XP level 7. HP: 21/43 MP: 7/7
  4580 | D:5      | Reached skill level 7 in Shapeshifting
  4602 | D:5      | Reached ** piety under Cheibriados
  4915 | D:5      | Found an ornate altar of the Wu Jian Council.
  4924 | D:5      | Found a shimmering blue altar of Sif Muna.
  5154 | D:6      | Found Uhejil's Assorted Antiques.
  5269 | D:6      | Reached skill level 8 in Shapeshifting
  5303 | D:6      | Reached XP level 8. HP: 41/48 MP: 8/8
  5358 | D:6      | Reached skill level 9 in Shapeshifting
  5453 | D:6      | Reached skill level 1 in Ranged Weapons
  5577 | D:6      | HP: 1/43 [wight/+2 trident of protection (4)]
  5578 | D:6      | Mangled by a wight

Vanquished Creatures
  A water moccasin (D:6)
  An ogre (D:6)
  A phantom (D:4)
  A bullfrog (D:6)
  6 scorpions
  A wight (D:6)
  A howler monkey (D:5)
  2 hounds
  3 jellies
  An orc priest (D:5)
  A sleepcap (D:6)
  3 iguanas (D:6)
  An orc wizard (D:5)
  4 adders
  A shadow imp (D:5)
  A white imp (D:6)
  A worm (D:3)
  A dart slug (D:4)
  15 orcs
  3 endoplasms
  6 giant cockroaches
  8 goblins
  2 hobgoblins
  4 jackals (D:4)
  6 kobolds
  5 quokkas
  7 ball pythons
  2 bats
  3 frilled lizards
  4 rats
96 creatures vanquished.

Table legend: (Time is in decaauts)
 A = Elapsed time spent in this place.
 B = Non-inter-level travel time spent in this place.
 C = Inter-level travel time spent in this place.
 D = Time resting spent in this place.
 E = Time spent auto-exploring this place.
 F = Levels seen in this place.
 G = Mean time per level.
                   A        B        C        D        E       F      G
               +--------+--------+--------+--------+--------+-----+--------+
         Total |   6384 |   6209 |    175 |    228 |   5172 |   6 | 1064.0 |
       Dungeon |   6384 |   6209 |    175 |    228 |   5172 |   6 | 1064.0 |
               +--------+--------+--------+--------+--------+-----+--------+

Top non-repeatable levels by time:
     D:5: 1598 daAuts
     D:2: 1185 daAuts
     D:1: 1033 daAuts
     D:3: 967 daAuts
     D:4: 956 daAuts
     D:6: 642 daAuts

Table legend:
 A = Non-vault XP
 B = Vault XP
 C = Vault XP percentage of total XP
 D = Non-vault monster count
 E = Vault monster count
 F = Vault count percentage of total count
                 A         B        C        D         E       F
            +---------+---------+-------+---------+---------+-------
      Total |    1737 |       7 |   0.4 |      94 |       2 |   2.1
            +---------+---------+-------+---------+---------+-------
        D:1 |      26 |       0 |   0.0 |      17 |       0 |   0.0
        D:2 |      49 |       0 |   0.0 |       9 |       0 |   0.0
        D:3 |     113 |       0 |   0.0 |      14 |       0 |   0.0
        D:4 |     153 |       7 |   4.4 |      19 |       2 |   9.5
        D:5 |     461 |       0 |   0.0 |      17 |       0 |   0.0
        D:6 |     935 |       0 |   0.0 |      18 |       0 |   0.0
            +---------+---------+-------+---------+---------+-------
